Cogmind - Beta 10.2 @@@ ROGUE MODE // 2020.11.21 @ 19:18:54 Player: TpFive3.5 Result: Self-destructed Performance ------------- Evolutions (2) 1000 Regions Visited (5) 1000 Robots Destroyed (3) 15 Value Destroyed (82) 82 Prototype IDs (0) 0 Alien Tech Used (0) 0 Bonus (60) 60 TOTAL SCORE: 2157 Bonus ------- Follower Combat Kills 60 Cogmind --------- Core Integrity 487/550 Matter 285/300 Energy 100/100 System Corruption 0% Temperature Cool (0) Movement Core (50) Location -8/Materials Parts ------- > --- POWER (1) -------- (None) > --- PROPULSION (4) --- (None) > --- UTILITY (4) ------ (None) > --- WEAPON (2) ------- (None) > --- INVENTORY (4) ---- Aluminum Leg Peak State ------------ > --- POWER ------------ (None) > --- PROPULSION ------- (None) > --- UTILITY ---------- (None) > --- WEAPON ----------- Medium Laser Assault Rifle > --- INVENTORY -------- Small Laser [Rating: 2] Favorites ----------- Power None Propulsion None Utility None Weapon Assault Rifle Energy Gun Small Laser Ballistic Gun Assault Rifle Build | -11 -10 -10 -10 -9 -8 ------- Run | Scr Mat Min Exi Min Mat Slots Evolved 4 | . . . . . 4 Power . | . . . . . . Propulsion 2 | . . . . . 2 Utility 2 | . . . . . 2 Weapon . | . . . . . . Parts Attached 3 | 2 . 1 . . . Power . | . . . . . . Engine . | . . . . . . Core . | . . . . . . Reactor . | . . . . . . Propulsion . | . . . . . . Treads . | . . . . . . Leg . | . . . . . . Wheel . | . . . . . . Hover . | . . . . . . Flight . | . . . . . . Utility . | . . . . . . Device . | . . . . . . Storage . | . . . . . . Processor . | . . . . . . Hackware . | . . . . . . Protection . | . . . . . . Artifact . | . . . . . . Weapon 3 | 2 . 1 . . . Energy Gun 2 | 1 . 1 . . . Energy Cannon . | . . . . . . Ballistic Gun 1 | 1 . . . . . Ballistic Cannon . | . . . . . . Launcher . | . . . . . . Special Weapon . | . . . . . . Impact Weapon . | . . . . . . Slashing Weapon . | . . . . . . Piercing Weapon . | . . . . . . Special Melee Weapon . | . . . . . . Unidentified Prototypes . | . . . . . . Parts Lost 3 | . . 2 . 1 . Power . | . . . . . . Propulsion . | . . . . . . Utility . | . . . . . . Weapon 3 | . . 2 . 1 . Highest Loss Streak 1 | . . 1 . 1 . Average Slot Usage (%) 14 | . 28 20 14 8 . Energy Gun 8 | . 14 9 14 8 . Ballistic Gun 5 | . 14 10 . . . Naked Turns 92 | . . . . 46 46 Heaviest Build 4 | 4 4 4 1 1 . Greatest Support 3 | 3 3 3 3 3 3 Greatest Overweight (x) 1 | 1 1 1 . . . Average Overweight (x) . | . 1 . . . . Largest Inventory Capacity 4 | 4 4 4 4 4 4 Average Capacity 4 | 4 4 4 4 4 4 Most Carried 3 | 3 2 2 1 1 1 Average Carried 1 | . 1 1 1 1 1 Final Capacity 4 | 4 4 4 4 4 4 Final Carried 2 | 1 2 1 1 1 1 Class Distribution -------------------- 100% | Mutant Dominant Class ---------------- Mutant | -10/Materials Mutant | -10/Mines Mutant | -10/Exiles Mutant | -9/Mines Mutant | -8/Materials Resources | -11 -10 -10 -10 -9 -8 ----------- Run | Scr Mat Min Exi Min Mat Matter Collected 254 | 122 . 65 . 67 . Remotely . | . . . . . . Salvage Created 116 | . . 116 . . . Parts 7 | . . 7 . . . Haulers Intercepted . | . . . . . . Recyclers Shooed . | . . . . . . Parts Field Recycled . | . . . . . . Retrieved Matter . | . . . . . . Parts Self-Destructed . | . . . . . . Prevented . | . . . . . . Kills | -11 -10 -10 -10 -9 -8 ------- Run | Scr Mat Min Exi Min Mat Combat Hostiles Destroyed 2 | . . 2 . . . Guns 2 | . . 2 . . . Classes Destroyed 2 | . . 2 . . . Worker 1 | . . 1 . . . Grunt 2 | . . 2 . . . Best Kill Streak 1 | . . 1 . . . Combat Bots Only 1 | . . 1 . . . Max Kills in Single Turn 1 | . . 1 . . . Gunslinging . | . . . . . . Exploded . | . . . . . . Melee . | . . . . . . Uniques/NPCs Destroyed . | . . . . . . Combat | -11 -10 -10 -10 -9 -8 -------- Run | Scr Mat Min Exi Min Mat Damage Taken 495 | 129 40 218 . 45 63 Core 304 | 97 . 110 . 34 63 Absorbed by Shields . | . . . . . . Core Remaining (%) 32 | 61 . . . 3 . Volleys Fired 18 | 4 . 14 . . . Largest 2 | 2 . 2 . . . Hottest 70 | 70 . 60 . . . Shots Fired 25 | 8 . 17 . . . Gun 25 | 8 . 17 . . . Cannon . | . . . . . . Launcher . | . . . . . . Special . | . . . . . . Kinetic 18 | 4 . 14 . . . Thermal 7 | 4 . 3 . . . Explosive . | . . . . . . Electromagnetic . | . . . . . . Robot Hit Streak 9 | 7 . 9 . . . Robot Miss Streak 1 | 1 . 1 . . . Penetration Max . | . . . . . . Secondary Targets . | . . . . . . Shots Hit Robots 19 | 7 . 12 . . . Core Hits 7 | 1 . 6 . . . Critical Hits 1 | . . 1 . . . Critical Kills . | . . . . . . Critical Parts Destroyed 1 | . . 1 . . . Melee Attacks . | . . . . . . Impact . | . . . . . . Slashing . | . . . . . . Piercing . | . . . . . . Sneak Attacks . | . . . . . . Combat Hostiles . | . . . . . . Follow-up Attacks . | . . . . . . Damage Inflicted 236 | 76 . 160 . . . Guns 236 | 76 . 160 . . . Cannons . | . . . . . . Explosions . | . . . . . . Melee . | . . . . . . Ramming . | . . . . . . Kinetic 188 | 39 . 149 . . . Thermal 48 | 37 . 11 . . . Explosive . | . . . . . . Electromagnetic . | . . . . . . Impact . | . . . . . . Slashing . | . . . . . . Piercing . | . . . . . . Highest Corruption . | . . . . . . Average Corruption . | . . . . . . Corruption Purged . | . . . . . . Overload Shots . | . . . . . . Overflow Damage . | . . . . . . Projectiles . | . . . . . . Explosions . | . . . . . . Melee . | . . . . . . Knockbacks . | . . . . . . Impact . | . . . . . . Kinetic . | . . . . . . Secondary . | . . . . . . Self-Inflicted Damage . | . . . . . . Shots . | . . . . . . Rammed . | . . . . . . Targets Rammed . | . . . . . . Kicked . | . . . . . . Crushed . | . . . . . . Highest Temperature 33 | 33 . 4 . . . Average Temperature 21 | 24 . 4 . . . Received Heat Transfer 237 | 72 . 105 . 24 36 Siege Activations . | . . . . . . Robots Corrupted . | . . . . . . Combat Hostiles . | . . . . . . Parts Fried . | . . . . . . Impact Corruptions . | . . . . . . Robots Melted . | . . . . . . Combat Hostiles . | . . . . . . Parts Melted . | . . . . . . Heat Transferred 136 | 111 . 25 . . . Parts Sabotaged . | . . . . . . Parts Stolen . | . . . . . . Parts Stripped . | . . . . . . Power Chain Reactions . | . . . . . . Missiles Intercepted . | . . . . . . Alert | -11 -10 -10 -10 -9 -8 ------- Run | Scr Mat Min Exi Min Mat Peak Influence 70 | . . 60 . 66 70 Initial 25 | . . . . . 25 Average 20 | . . 32 . 28 36 Maximum Alert Level . | . . . . . . Low Security (%) 100 | 100 100 100 . 100 100 Level 1 . | . . . . . . Level 2 . | . . . . . . Level 3 . | . . . . . . Level 4 . | . . . . . . Level 5 . | . . . . . . High Security . | . . . . . . Max Security . | . . . . . . Squads Dispatched 3 | . 2 . . . 1 Investigation 1 | . 1 . . . . Extermination . | . . . . . . Reinforcement 2 | . 1 . . . 1 Assault . | . . . . . . Garrison . | . . . . . . Intercept . | . . . . . . Construction Impeded . | . . . . . . Haulers Reinforced . | . . . . . . Stealth | -11 -10 -10 -10 -9 -8 --------- Run | Scr Mat Min Exi Min Mat Distress Signals . | . . . . . . Communications Jammed . | . . . . . . Distress Signals . | . . . . . . Times Spotted 20 | 1 4 5 . 2 8 Peak Tracking Total 7 | 1 4 3 . 2 7 Tactical Retreats . | . . . . . . Traps | -11 -10 -10 -10 -9 -8 ------- Run | Scr Mat Min Exi Min Mat Traps Triggered . | . . . . . . Indirectly . | . . . . . . Trap Hack Attempts . | . . . . . . Triggered . | . . . . . . Disarmed . | . . . . . . Reprogrammed . | . . . . . . Reused . | . . . . . . Traps Extracted . | . . . . . . Installed . | . . . . . . Triggered . | . . . . . . Machines | -11 -10 -10 -10 -9 -8 ---------- Run | Scr Mat Min Exi Min Mat Machines Disabled . | . . . . . . Max in Single Turn . | . . . . . . Machines Sabotaged . | . . . . . . Garrisons Compromised . | . . . . . . Overloaded Fab Kills . | . . . . . . Fab Network Shutdowns . | . . . . . . Hacking | -11 -10 -10 -10 -9 -8 --------- Run | Scr Mat Min Exi Min Mat Machines Accessed . | . . . . . . Terminals . | . . . . . . Fabricators . | . . . . . . Repair Stations . | . . . . . . Recycling Units . | . . . . . . Scanalyzers . | . . . . . . Garrison Access . | . . . . . . Total Hacks . | . . . . . . Successful . | . . . . . . Failed . | . . . . . . Catastrophic . | . . . . . . Database Lockouts . | . . . . . . Manual . | . . . . . . Terminals . | . . . . . . Fabricators . | . . . . . . Repair Stations . | . . . . . . Recycling Units . | . . . . . . Scanalyzers . | . . . . . . Garrison Access . | . . . . . . Terminal Hacks . | . . . . . . Fabricator Hacks . | . . . . . . Repair Station Hacks . | . . . . . . Recycling Unit Hacks . | . . . . . . Scanalyzer . | . . . . . . Garrison Access Hacks . | . . . . . . Unauthorized Hacks . | . . . . . . Terminals . | . . . . . . Fabricators . | . . . . . . Repair Stations . | . . . . . . Recycling Units . | . . . . . . Scanalyzers . | . . . . . . Garrison Access . | . . . . . . Data Cores Recovered . | . . . . . . Used . | . . . . . . Hacking Detections . | . . . . . . Full Trace Events . | . . . . . . Feedback Events . | . . . . . . Feedback Blocked . | . . . . . . Robot Schematics Acquired . | . . . . . . Robots Built . | . . . . . . Matter . | . . . . . . Time . | . . . . . . Total Robot Build Rating . | . . . . . . Part Schematics Acquired . | . . . . . . Parts Built . | . . . . . . Matter . | . . . . . . Time . | . . . . . . Total Part Build Rating . | . . . . . . Parts Repaired . | . . . . . . Time . | . . . . . . Parts Recycled . | . . . . . . Recycled Matter . | . . . . . . Retrieved Matter . | . . . . . . Retrieved Components . | . . . . . . Parts Scanalyzed . | . . . . . . Part Schematics Acquired . | . . . . . . Parts Damaged . | . . . . . . Bothacking | -11 -10 -10 -10 -9 -8 ------------ Run | Scr Mat Min Exi Min Mat Used RIF Installer . | . . . . . . Robots Hacked . | . . . . . . Non-combat . | . . . . . . Combat . | . . . . . . Robot Hacks Applied . | . . . . . . Relay Couplers Released . | . . . . . . Robots Rewired . | . . . . . . Allies Hacked . | . . . . . . Hacks Repelled . | . . . . . . Allies | -11 -10 -10 -10 -9 -8 -------- Run | Scr Mat Min Exi Min Mat Total Allies 3 | . . . . 3 . Largest Group 3 | . . . . 3 . Highest-Rated Group 66 | . . . . 66 . Highest-Rated Ally 31 | . . . . 31 . Total Orders . | . . . . . . Ally Attacks 9 | . . . . 9 . Total Damage 185 | . . . . 185 . Kills 3 | . . . . 3 . Allies Corrupted . | . . . . . . Allies Melted . | . . . . . . Intel | -11 -10 -10 -10 -9 -8 ------- Run | Scr Mat Min Exi Min Mat Robot Analysis Total . | . . . . . . Derelict Logs Recovered . | . . . . . . Drone Launches . | . . . . . . Drone Recoveries . | . . . . . . Exploration | -11 -10 -10 -10 -9 -8 ------------- Run | Scr Mat Min Exi Min Mat Turns Passed 371 | 68 59 82 16 100 46 Spaces Moved 562 | 86 59 97 31 199 90 Core 562 | 86 59 97 31 199 90 Treads . | . . . . . . Legs . | . . . . . . Wheels . | . . . . . . Hover . | . . . . . . Flight . | . . . . . . Fastest Speed 50 | 50 100 50 50 50 50 Average Speed 57 | 60 100 51 50 50 50 Slowest Speed 100 | 100 100 100 50 50 50 Overloaded Moves . | . . . . . . Propulsion Burnouts . | . . . . . . Robots Hopped . | . . . . . . Cave-ins Triggered . | . . . . . . Exploration Rate (%) 23 | 5 15 37 8 63 14 Regions Visited 5 Branch Regions 3 Pre-discovered Areas . | . . . . . . Known Exits Taken . | . . . . . . Unknown Exits Taken 5 | 1 1 1 1 1 . Scrap Searched 1 | . . . . 1 . Spaces Dug . | . . . . . . Terrain Destroyed . | . . . . . . Melee . | . . . . . . Projectile . | . . . . . . AOE . | . . . . . . Terrain Rammed . | . . . . . . Walls Destroyed . | . . . . . . Machines Disabled . | . . . . . . Actions | -11 -10 -10 -10 -9 -8 --------- Run | Scr Mat Min Exi Min Mat Total 582 | 94 59 111 30 198 90 Wait . | . . . . . . Move 557 | 85 58 96 30 198 90 Hop . | . . . . . . Pick Up 4 | 3 1 . . . . Fast Attach . | . . . . . . Attach 3 | 2 . 1 . . . Detach . | . . . . . . Swap . | . . . . . . Drop . | . . . . . . Fire 18 | 4 . 14 . . . Melee . | . . . . . . Ram . | . . . . . . Kick . | . . . . . . Crush . | . . . . . . Escape Stasis . | . . . . . . Rewire . | . . . . . . Trap . | . . . . . . Miscellaneous . | . . . . . . Route ------- -11/Scrapyard -10/Materials -10/Mines -10/Exiles -9/Mines -8/Materials History --------- Turn | Location | Event 2 | -11/Scrapyard | Met Revision 17 16 | -11/Scrapyard | Discovered new exit (range 8) 69 | -11/Scrapyard | Entered Materials 123 | -10/Materials | Discovered new exit (range 6) 128 | -10/Materials | Entered Mines 131 | -10/Mines | Core integrity fell below 50% 205 | -10/Mines | Core integrity fell below 20% 208 | -10/Mines | Deemed a non-threat by the Exiles lab entrance 208 | -10/Mines | Discovered new exit (range 5) 210 | -10/Mines | Entered Exiles 219 | -10/Exiles | Discovered new exit (range 14) 226 | -10/Exiles | Entered Mines 304 | -9/Mines | Build established: Mutant 316 | -9/Mines | Received a Mining Laser from a helpful Derelict 323 | -9/Mines | Discovered new exit (range 5) 326 | -9/Mines | Entered Materials 326 | -8/Materials | Evolved 4 slots: Propulsion x2, Utility x2 372 | -8/Materials | Self-destructed Last Messages --------------- 00316_ 8Q-WIL(g): "And why aren't you carrying a mining laser?! Certainly you don't want THEM to uncover you when the ceiling comes crashing down? Here, take my spare." 00319_ 8Q-WIL(g): "You're apparently new around these parts, I'll cover you." 00321_ 8Q-WIL(g): "Mining lasers are a lot more useful than you might think..." 00323_ EXIT=FOUND PARAMETERS=PROPULSION_2,UTILITY_2 LOCATION=UNKNOWN GOAL=ESCAPE 00328_ O-16 Technician: "IFF HANDSHAKE FAILED. SECURING TERMINAL." 00328_ O-16 Technician uses terminal to summon reinforcements. 00328_ ALERT: Hostiles spotted, dispatching reinforcements to Terminal M010. 00328_ O-16 Technician locks terminal. 00330_ T-07 Excavator is excavating. 00333_ Atomic Centrifuge disabled. 00334_ T-07 Excavator is excavating. 00361_ U-05 Engineer lays Concrete. Map ----- +----------------------------------------------------+ | | | | | | | | | | | | | | | | | | | | | | | | | | | | | | | | | | | | | | | | | | | ?????????????????????????????????????????????????? | | ?????????????????????????????????????????????????? | | ?????????????????????????????????????????????????? | | ????????????!! # ########??????????????###### | | ????????????! s Tss @ #????????????# | | ???????????? # ###### #????????????#"S | | ???????????????????????????# #????????????#""" | | ???????????????????????????# #????????????# "" "" | | ???????????????????????????# #???##+#????## "" | | ???????????????????????????# ##### +?? !# "" | | ???????????????????????????# # # | | ???????????????????????????# ##### + # | | ???????????????????????????#+#???# # """ ####+### | | ?????????????????????????????????# #??"" # | | ?????????????????????????????????# #???? ## | | ?????????????????????????????????# #??????# ** | | ?????????????????????????????????# #??????# ** | | ?????????????????????????????????# ######## * | | ???????????????????????????????? # / | | ??????????????????????????????? + | | ?????????????????????????????????# | | ?????????????????????????????????# ######### ## | | ?????????????????????????????????# ????????# ### | | ?????????????????????????????????# ????????# #?? | | ?????????????????????????????????##????????# #?? | | ???????????????????????????????????????????# # " | | ???????????????????????????????????????????# + " | | ???????????????????????????????????????????# # | | ???????????????????????????????????????????# #?? | +----------------------------------------------------+ Best States ------------- Heat Dissipation 31 Energy Generation 5 Energy Capacity 100 Matter Stores 285 Matter Capacity 300 Sight Range 16 Terrain Scan Density 10 Evasion (%) 50 Item Schematics ----------------- None Robot Schematics ------------------ None Fabricated ------------ Nothing Alien Tech Used ----------------- None Achievements -------------- Tourist Challenges ------------ None Game ------ Seed SuspensionPointyKatana Manual? 0 Play Time 00:07:51 Cumulative 3.2 hours Start 2020.11.21 @ 19:11:56 End 2020.11.21 @ 19:18:54 Sessions 1 Manual Loads 0 Difficulty Rogue Special Mode None Game No. 5 Rogue 5 Adventurer 0 Explorer 0 Win Type - Total 0 Types 0/0/0/0/0/0/0/0/0 Lore% 1 Gallery% 5 Achievement% 6 Wizard Run 0 Options --------- ASCII 0 Keyboard 0 Movement Mouse Keybinds 0 Fullscreen 1 Font 18/SmallcapsGlow Map View 76x50 Tactical HUD 1 Map Filters NONE Filters NONE Steam 1 RUN: d126a13f-6b56-4d04-a5c1-f104493a4bc3